 Dungeon Crawl Stone Soup version 0.23-a0-550-g7de1f8e (webtiles) character file.

10335 Mgcat the Cleaver (level 11, -2/80 HPs)
             Began as a Formicid Monk on Dec 9, 2018.
             Was a Believer of Qazlal.
             Hit by a javelin thrown by a minotaur (32 damage)
             ... in a Gauntlet.
             The game lasted 00:37:04 (11701 turns).

Mgcat the Cleaver (Formicid Monk)                  Turns: 11701, Time: 00:37:05

Health: -2/80      AC: 13    Str: 23    XL:     11   Next: 91%
Magic:  17/17      EV: 15    Int: 21    God:    Qazlal [**....]
Gold:   189        SH: 19    Dex: 18    Spells: 10/10 levels left

rFire    . . .     SeeInvis +   h - +1 war axe (flame)
rCold    . . .     Gourm    .   r - +0 large shield
rNeg     . . .     Faith    .   j - +1 chain mail of the Old World {MR+ SInv} (curse)
rPois    .         Spirit   .   (helmet unavailable)
rElec    .         Reflect  .   (no cloak)
rCorr    +         Harm     +   (no gloves)
MR       ++...                  B - +1 pair of boots
Stlth    ..........             g - amulet "Huvyoch" {Harm *Drain Str+4 Int+2}
HPRegen  0.23/turn              y - ring of Midwinter {rCorr Int+9}
MPRegen  0.15/turn              b - +4 ring of evasion

@: agile, invisible
A: permanent stasis, dig shafts and tunnels, four strong arms, antennae 3
a: Dig, Shaft Self, Upheaval, Renounce Religion


You were in a Gauntlet.
You worshipped Qazlal.
Qazlal was pleased with you.
You were not hungry.

You visited 2 branches of the dungeon, and saw 12 of its levels.
You also visited: Ossuary and Gauntlet.

You collected 487 gold pieces.
You spent 298 gold pieces at shops.

Inventory:

Hand Weapons
 h - a +1 war axe of flaming (weapon)
   (You acquired it on level 5 of the Dungeon)
 l - a +1 fustibalus of flaming
   (You found it on level 6 of the Dungeon)
Armour
 j - the cursed +1 chain mail of the Old World (worn) {MR+ SInv}
   (You bought it in a shop on level 4 of the Dungeon)

   It affects your resistance to hostile enchantments.
   It lets you see invisible.
   It has a curse placed upon it.
 r - a +0 large shield (worn)
   (You found it on level 3 of the Dungeon)
 B - a +1 pair of boots (worn)
   (You found it on level 6 of the Dungeon)
Magical Staves
 v - an uncursed staff of fire {unknown}
   (You found it on level 10 of the Dungeon)
Jewellery
 b - a +4 ring of evasion (right hand)
   (You found it on level 2 of the Dungeon)
 d - an uncursed ring of fire {rF+, rC-}
   (You found it on level 1 of the Dungeon)
 g - the amulet "Huvyoch" (around neck) {Harm *Drain Str+4 Int+2}
   (You found it in a Gauntlet)

   [amulet of harm]

   It increases damage dealt and taken.
   It affects your strength (+4).
   It affects your intelligence (+2).
   It causes draining when unequipped.
 y - the ring of Midwinter (left hand) {rCorr Int+9}
   (You found it on level 6 of the Dungeon)

   [ring of resist corrosion]

   It affects your intelligence (+9).
Wands
 u - a wand of polymorph (21)
   (You took it off Ijyb on level 3 of the Dungeon)
 F - a wand of paralysis (4)
   (You found it on level 9 of the Dungeon)
Scrolls
 a - 2 scrolls of enchant weapon
 e - a scroll of identify
 o - 2 scrolls of remove curse
 D - a scroll of amnesia
Potions
 f - 3 potions of cancellation
 k - 6 potions of curing
 m - 3 potions of flight
 n - a potion of resistance
 q - 2 potions of heal wounds
 t - 3 potions of brilliance
 w - a potion of mutation {!q}
Miscellaneous
 s - a lightning rod (3/4)
   (You found it on level 10 of the Dungeon)
Comestibles
 c - 23 rations


   Skills:
 + Level 5.3 Fighting
 + Level 14.1 Axes
 - Level 5.0 Armour
 + Level 3.0 Dodging
 - Level 2.4 Stealth
 - Level 5.0 Shields
 + Level 9.0 Invocations


You had 10 spell levels left.
You didn't know any spells.
Your spell library contained the following spells:

 Spells                   Type           Power        Failure   Level  Hunger
 Animate Skeleton         Necr           N/A          100%        1    ##.....
 Apportation              Tloc           #.....       100%        1    ##.....
 Confusing Touch          Hex            #.....       100%        1    ##.....
 Summon Butterflies       Summ           #.......     100%        1    ##.....
 Summon Small Mammal      Summ           #...         100%        1    ##.....
 Call Canine Familiar     Summ           #.......     100%        3    ####...
 Portal Projectile        Hex/Tloc       #.....       100%        3    ####...
 Teleport Other           Tloc           #.......     100%        3    ####...
 Summon Ice Beast         Ice/Summ       #.......     100%        4    #####..
 Summon Forest            Summ/Tloc      #.........   100%        5    ######.
 Summon Mana Viper        Hex/Summ       #.......     100%        5    ######.
 Summon Hydra             Summ           #.........   100%        7    #######
 Controlled Blink         Tloc           Unusable     N/A         8    N/A

Dungeon Overview and Level Annotations

Branches:
Dungeon (11/15)            Temple (1/1) D:6            Lair (0/6) D:11
    Orc: D:9-12

Altars:
Ashenzari
Cheibriados
Dithmenos
Fedhas
Hepliaklqana
Kikubaaqudgha
Makhleb
Nemelex Xobeh
Okawaru
Qazlal
Ru
Sif Muna
Trog
Uskayaw
Vehumet
Wu Jian
Yredelemnul
Zin

Shops:
D:4 **[[}   D:5 :   D:7 !   D:8 (

Annotations:
Gauntlet 10 transporters


Innate Abilities, Weirdness & Mutations

You cannot be hasted, slowed, berserked, paralysed or teleported.
You can dig through walls and to a lower floor.
Your four strong arms can wield two-handed weapons with a shield.
You have a pair of large antennae on your head. (SInv)


Message History

You destroy the shadow!
Qazlal accepts your kill.
Your chain mail of the Old World prevents you from hitting the shadow.
You hit the shadow. You burn the shadow. You block the shadow's attack. x2
You closely miss the shadow. You hit the shadow. You burn the shadow.
The shadow barely misses you. You block the shadow's attack.
You hit the shadow but do no damage. You closely miss the shadow.
The shadow is struck by lightning.
You destroy the shadow!
Qazlal accepts your kill.
You hit the shadow but do no damage. You block the shadow's attack.
Your chain mail of the Old World prevents you from hitting the shadow.
You block the shadow's attack.
You slash the shadow! You burn the shadow.
The shadow is heavily damaged.
The shadow closely misses you.
You slash the shadow! You burn the shadow.
The shadow is almost destroyed.
The shadow closely misses you.
You hit the shadow. You burn the shadow.
You destroy the shadow!
Qazlal accepts your kill.
Your Invocations skill increases to level 9!
There is a transporter landing site here.
g - a crude ivory amulet Put on which piece of jewellery? (? for menu, Esc to quit)
You feel stronger.
You feel clever.
g - the amulet "Huvyoch" (around neck) {Harm *Drain Str+4 Int+2}
There is a transporter here.
You enter the transporter and appear at another place.
There is a transporter here.
You enter the transporter and appear at another place.
You slash the spiny frog simulacrum!
You melt the spiny frog simulacrum!
The spiny frog simulacrum vapourises!
Qazlal accepts your kill.
Your Dodging skill increases to level 3!
You slash the bullfrog simulacrum!
You melt the bullfrog simulacrum!
The bullfrog simulacrum vapourises!
Qazlal accepts your kill.
You closely miss the hornet simulacrum.
The hornet simulacrum barely misses you.
You slash the hornet simulacrum!
You melt the hornet simulacrum!
The hornet simulacrum vapourises!
Qazlal accepts your kill.
There is a transporter landing site here.
i - a potion of invisibility
There is a transporter here.
You enter the transporter and appear at another place.
There is a transporter here.
You enter the transporter and appear at another place.
As you read the scroll of fog, it crumbles to dust.
The scroll dissolves into smoke.
The hell hound barks! x2
There is a transporter here.
You enter the transporter and appear at another place.
You open the door.
A minotaur comes into view. It is wielding a +0 war axe.
The minotaur throws a javelin.
You block the javelin.
Unknown command.
You close the door.
You feel agile all of a sudden.
You start waiting.
A minotaur opens the door.
It is wielding a +0 war axe.
The minotaur hits you but does no damage.
You block the minotaur's attack.
Found a gate leading back out of this place.
There is an open door here.
You hit the minotaur but do no damage. You block the minotaur's attack. x2
Your shield and chain mail of the Old World prevent you from hitting the The minotaur furiously retaliates!
The minotaur headbutts you, but does no damage.
You block the minotaur's attack. x2
You hit the minotaur but do no damage. You hit the minotaur.
You burn the minotaur.
The minotaur is lightly wounded.
You block the minotaur's attack.
The minotaur gores you but does no damage.
You hit the minotaur but do no damage.
The minotaur is lightly wounded.
You block the minotaur's attack. x2
You slash the minotaur! You burn the minotaur.
The minotaur is moderately wounded.
You block the minotaur's attack. x2
You hit the minotaur. You burn the minotaur.
The minotaur is moderately wounded.
You hit the minotaur. You burn the minotaur.
The minotaur is moderately wounded.
You block the minotaur's attack. The minotaur gores you!
You hit the minotaur but do no damage.
The minotaur is moderately wounded.
The minotaur hits you with a +0 war axe!!
You block the minotaur's attack.
The minotaur throws a javelin.
The javelin hits you!!
* * * LOW HITPOINT WARNING * * *
You see here a javelin.
You feel much better.
The minotaur throws a javelin.
You block the javelin.
Unknown command.
You fade into invisibility!
The minotaur throws a javelin.
The javelin hits you!!
You die...

#8∩8# #}.%# #8.8# ####:.|# ##
###8.#8.8#.8###
#....#...#....#
#.#..#8.8#..#.#
#.#..##H##..#.#
#....@((......#
#.#.##.#.##.#.#
#.#....#....#.#
##.#.#######.#.##
#...............#
#...............#
##########.#########.#########
#8.......#.#..8⌠8..#.#.......8
#........#©#.......#©#........


You could see a minotaur.

Vanquished Creatures
  An ogre mage (D:10)
  2 two-headed ogres (D:10)
  An unseen horror (D:10)
  An orc knight (D:10)
  2 trolls (D:10)
  Grinder (D:5)
  A wraith (D:10)
  4 yaks (D:10)
  A spriggan (D:9)
  4 shadows
  A wyvern (D:9)
  3 hungry ghosts
  A water moccasin (D:10)
  3 sky beasts
  4 orc warriors
  2 black bears
  2 phantoms
  2 ogres
  3 centaurs
  4 bullfrogs
  A spiny frog simulacrum (Gauntlet)
  2 scorpions
  A hornet simulacrum (Gauntlet)
  6 killer bees (D:8)
  9 wights
  A howler monkey (D:10)
  5 crimson imps
  3 jellies
  2 centaur zombies
  7 hounds
  8 orc wizards
  4 orc priests
  3 iguanas
  A bullfrog skeleton (D:9)
  A centaur skeleton (D:9)
  Ijyb (D:3)
  8 worker ants
  Terence (D:2)
  7 big kobold zombies (Ossuary)
  A bullfrog simulacrum (Gauntlet)
  A hound zombie (D:5)
  2 hound skeletons
  A mummy (Ossuary)
  A worker ant zombie (D:5)
  3 gnolls (D:4)
  2 howler monkey skeletons
  9 adders
  6 shadow imps
  3 adder zombies
  An ooze (D:2)
  An adder skeleton (D:6)
  2 worms
  A dart slug (D:2)
  10 leopard geckos
  32 orcs
  3 spectral bats (Ossuary)
  2 ball pythons
  A bat zombie (D:5)
  8 giant cockroaches
  5 gnoll zombies (Ossuary)
  6 goblins
  6 hobgoblins
  11 jackals
  2 quokkas
  5 bats
  A bat simulacrum (Ossuary)
  7 frilled lizards
  A goblin simulacrum (Ossuary)
  6 goblin zombies (Ossuary)
  6 hobgoblin zombies (Ossuary)
  11 kobolds
  6 kobold simulacra (Ossuary)
  5 kobold zombies (Ossuary)
  An orc zombie (Ossuary)
  A quokka skeleton (D:4)
  5 rats
  4 rat simulacra (Ossuary)
  2 rat zombies (D:5)
  3 spectral goblins (Ossuary)
  A spectral kobold (Ossuary)
  2 spectral rats (Ossuary)
301 creatures vanquished.

Notes
Turn   | Place    | Note
-------+----------+-------------------------------------------
     0 | D:1      | Mgcat the Formicid Monk began the quest for the Orb.
     0 | D:1      | Reached XP level 1. HP: 18/18 MP: 1/1
   124 | D:1      | Reached XP level 2. HP: 20/24 MP: 2/2
   640 | D:1      | Reached XP level 3. HP: 30/30 MP: 3/3
   889 | D:2      | Noticed Terence
   906 | D:2      | Killed Terence
   906 | D:2      | Reached skill level 4 in Fighting
   980 | D:2      | Reached XP level 4. HP: 34/37 MP: 4/4
  1011 | D:2      | Reached skill level 4 in Axes
  1278 | D:2      | Reached XP level 5. HP: 43/43 MP: 5/5
  1776 | D:2      | Found a blossoming altar of Fedhas.
  2026 | D:3      | Found a sacrificial altar of Ru.
  2308 | D:3      | Found a glowing silver altar of Zin.
  2353 | D:3      | Noticed Ijyb
  2365 | D:3      | Killed Ijyb
  2365 | D:3      | Reached skill level 5 in Fighting
  3044 | D:4      | Found Eduli's Assorted Antiques.
  3128 | D:4      | Reached skill level 5 in Axes
  3128 | D:4      | Reached XP level 6. HP: 38/51 MP: 6/6
  3211 | D:4      | Found Raorph's Assorted Antiques.
  3242 | D:4      | Found Opny's Antique Armour Emporium.
  3247 | D:4      | Found Pustiyc's Armour Boutique.
  3269 | D:4      | Found Exidatol's Gadget Boutique.
  3476 | D:4      | Noticed an ogre
  3484 | D:4      | Killed an ogre
  3484 | D:4      | Reached skill level 6 in Axes
  3583 | D:5      | Entered Level 5 of the Dungeon
  3631 | D:5      | Reached XP level 7. HP: 56/56 MP: 7/7
  3668 | D:5      | Noticed Grinder
  3688 | D:5      | Killed Grinder
  3688 | D:5      | Reached skill level 2 in Armour
  3688 | D:5      | Reached skill level 2 in Shields
  3715 | D:5      | Reached skill level 7 in Axes
  3794 | D:5      | Reached XP level 8. HP: 62/62 MP: 8/8
  3864 | D:5      | Found a sand-covered staircase.
  3889 | Ossuary  | Entered an ossuary
  4018 | Ossuary  | Reached skill level 3 in Shields
  4269 | Ossuary  | Reached skill level 3 in Armour
  4494 | D:5      | Identified a scroll of acquirement
  4701 | D:5      | Found a deep blue altar of Sif Muna.
  4769 | D:5      | Found an ancient bone altar of Kikubaaqudgha.
  4846 | D:5      | Found Ottij's Book Shoppe.
  4962 | D:5      | Found an iron altar of Okawaru.
  5028 | D:6      | Found a staircase to the Ecumenical Temple.
  5040 | D:6      | Got a bound glass ring
  5058 | Temple   | Entered the Ecumenical Temple
  5064 | Temple   | Reached skill level 8 in Axes
  5064 | Temple   | Reached skill level 4 in Shields
  5165 | Temple   | Became a worshipper of Qazlal Stormbringer
  5165 | Temple   | Reached * piety under Qazlal
  5165 | Temple   | Reached ** piety under Qazlal
  5188 | D:6      | Reached skill level 1 in Invocations
  5189 | D:6      | Reached skill level 4 in Armour
  5279 | D:6      | Reached XP level 9. HP: 62/68 MP: 8/10
  5385 | D:6      | Got a spiked ring mail
  5396 | D:6      | Identified the +4 ring mail of the Big Bang {Int+2 Dex+6}
                  | (You found it on level 6 of the Dungeon)
  5417 | D:6      | Identified the ring of Midwinter {rCorr Int+9} (You found
                  | it on level 6 of the Dungeon)
  5576 | D:6      | Reached skill level 2 in Invocations
  6002 | D:7      | Reached skill level 5 in Shields
  6005 | D:7      | Found Zimauche's Distillery.
  6013 | D:7      | Bought a potion of degeneration for 13 gold pieces
  6084 | D:4      | Bought a distressingly furry chain mail for 285 gold pieces
  6094 | D:4      | Identified the cursed +1 chain mail of the Old World {MR+
                  | SInv} (You bought it in a shop on level 4 of the Dungeon)
  6175 | D:7      | Reached skill level 9 in Axes
  6239 | D:7      | Reached skill level 5 in Armour
  6239 | D:7      | Reached skill level 3 in Invocations
  6241 | D:7      | Found a bloodstained altar of Trog.
  6671 | D:7      | Found a snail-covered altar of Cheibriados.
  6980 | D:8      | Reached skill level 4 in Invocations
  7028 | D:8      | Reached skill level 10 in Axes
  7342 | D:8      | Reached XP level 10. HP: 74/74 MP: 13/13
  7345 | D:8      | Reached skill level 5 in Invocations
  7378 | D:8      | Found Roep's Weapon Shop.
  7491 | D:8      | Reached *** piety under Qazlal
  7686 | D:8      | Reached skill level 11 in Axes
  8165 | D:9      | Reached skill level 12 in Axes
  8347 | D:9      | Found an ornate altar of the Wu Jian Council.
  8366 | D:9      | Found a burning altar of Makhleb.
  8528 | D:10     | Entered Level 10 of the Dungeon
  8574 | D:10     | Found a hide-covered altar of Uskayaw.
  8718 | D:10     | Reached skill level 6 in Invocations
  8755 | D:10     | Identified the +0 robe of Huungau {rN+}
  8770 | D:10     | Noticed a two-headed ogre
  8777 | D:10     | Killed a two-headed ogre
  8777 | D:10     | Reached XP level 11. HP: 40/79 MP: 14/16
  8918 | D:10     | Identified the cursed ring "Ubrofipn" {rN+ EV-2 Dex+3}
  8956 | D:10     | Reached skill level 7 in Invocations
  9158 | D:10     | Noticed a two-headed ogre
  9186 | D:10     | Killed a two-headed ogre
  9186 | D:10     | Reached skill level 13 in Axes
  9312 | D:10     | Identified the Compendium of the Traveller and Summoning
  9372 | D:10     | Reached skill level 8 in Invocations
  9489 | D:10     | Noticed an orc knight
  9506 | D:10     | Killed an orc knight
  9694 | D:10     | Noticed an unseen horror
  9703 | D:10     | Killed an unseen horror
 10294 | D:10     | Noticed an ogre mage
 10557 | D:10     | Killed an ogre mage
 10557 | D:10     | Reached skill level 14 in Axes
 10898 | D:11     | Found a gate leading to a gauntlet.
 10915 | Gauntlet | Entered a Gauntlet
 10915 | Gauntlet | Found a transporter.
 10915 | Gauntlet | Found a transporter.
 11001 | Gauntlet | Found a transporter.
 11008 | Gauntlet | Noticed a moth of wrath
 11011 | Gauntlet | Found a transporter.
 11021 | Gauntlet | Found a transporter.
 11021 | Gauntlet | Found a transporter.
 11021 | Gauntlet | Noticed a balrug
 11021 | Gauntlet | Noticed a cacodemon
 11039 | Gauntlet | Found a transporter.
 11046 | Gauntlet | Found a transporter.
 11068 | Gauntlet | Found a transporter.
 11081 | Gauntlet | Found a transporter.
 11090 | Gauntlet | Found a transporter.
 11108 | Gauntlet | Found a transporter.
 11155 | Gauntlet | Found a transporter.
 11167 | Gauntlet | Found a transporter.
 11227 | Gauntlet | Noticed a mana viper
 11269 | Gauntlet | Found a transporter.
 11280 | Gauntlet | Noticed a worldbinder
 11281 | Gauntlet | Found a transporter.
 11491 | Gauntlet | Noticed a fire crab
 11596 | Gauntlet | Reached skill level 9 in Invocations
 11602 | Gauntlet | Got a crude ivory amulet
 11603 | Gauntlet | Identified the amulet "Huvyoch" {Harm *Drain Str+4 Int+2}
                  | (You found it in a Gauntlet)
 11621 | Gauntlet | Reached skill level 3 in Dodging
 11681 | Gauntlet | Noticed a minotaur
 11698 | Gauntlet | HP: 8/80 [minotaur/javelin (38)]
 11701 | Gauntlet | Hit by a javelin thrown by a minotaur

Vault maps used:
D:1:      mushboom_english_gardens, minmay_cut_off
D:2:      fedhas_altar_fruit_tree, uniq_terence
D:3:      old_standard_altar, lemuel_coloured_pillars_altar, first_ration,
          serial_bayou_lake_a, uniq_ijyb
D:4:      serial_shops, nicolae_shop_waterfront, nicolae_shop_waterfront, shop,
          shop, nicolae_shop_window_shopping
D:5:      marbit_many_paths, lemuel_zombie_altar_kikubaaqudgha,
          kennysheep_mini_moat, enter_ossuary_5, serial_shops, shop,
          uniq_grinder
D:6:      minmay_temple_entry_tees
D:7:      bloody_trog, kennysheep_little_box, serial_shops, shop
D:8:      serial_shops, nicolae_shop_crystal
D:9:      lemuel_doored_altar, lemuel_round_altar, grunt_pizzeria, st_stairs_14
D:10:     minmay_the_grid_triangle_9x9_recursive_2, basic_altar
D:11:     dpeg_oklobed_lair, gauntlet_entry_generic, serial_co_window_serial,
          co_window_paths_a, co_window_paths_a, co_window_paths_b,
          co_window_paths_a, co_window_paths_b, co_window_paths_a,
          co_window_corner_a, co_window_paths_a, co_window_corner_a,
          co_window_of_opportunity_b, co_window_of_opportunity_b,
          co_window_corner_b, co_window_2corner, co_window_4corner_a,
          co_window_paths_e, glass_columns_b, uniq_fannar
Temple:   nicolae_temple_god_jail
Ossuary:  ossuary_zaba_two_paths
Gauntlet: gammafunk_gauntlet_branching

Skill      XL: |  1  2  3  4  5  6  7  8  9 10 11 |
---------------+----------------------------------+-----
Fighting       | 4 5 |  5.3
Axes           | 4 5 6 7 8 10 12 14 | 14.1
Armour         | 2 4 5 |  5.0
Shields        | 2 4 5 |  5.0
Invocations    | 1 4 6 9 |  9.0
Dodging        | 3 |  3.0
Stealth        | |  2.4

Action                   |  1- 3 |  4- 6 |  7- 9 | 10-12 || total
-------------------------+-------+-------+-------+-------++-------
Melee: Hand axe          |    65 |   249 |   284 |       ||   598
       War axe           |       |       |   252 |   402 ||   654
Invok: Upheaval          |       |       |       |     9 ||     9
       Elemental Force   |       |       |       |     1 ||     1
Evoke: Wand              |       |       |       |    18 ||    18
       Lightning rod     |       |       |       |     2 ||     2
  Use: Potion            |     1 |     1 |     1 |     6 ||     9
       Scroll            |       |     5 |     9 |    11 ||    25
 Stab: Sleeping          |     7 |       |       |       ||     7
       Paralysed         |       |       |       |     2 ||     2
  Eat: Chunk             |       |     9 |     6 |    11 ||    26
       Ration            |       |       |     3 |     2 ||     5
Armor: Robe              |     4 |       |       |       ||     4
       Scale mail        |     5 |    87 |    89 |       ||   181
       Chain mail        |       |       |    32 |    85 ||   117
       Ring mail         |       |       |     3 |       ||     3
       Skin              |       |       |       |     6 ||     6
Dodge: Dodged            |    39 |   150 |   162 |    65 ||   416
Block: Buckler           |       |    39 |    41 |       ||    80
       Large shield      |       |       |   221 |   324 ||   545

Table legend:
 A = Non-vault XP
 B = Vault XP
 C = Vault XP percentage of total XP
 D = Non-vault monster count
 E = Vault monster count
 F = Vault count percentage of total count
                 A         B        C        D         E       F
            +---------+---------+-------+---------+---------+-------
      Total |    8950 |    5815 |  39.4 |     219 |      82 |  27.2
            +---------+---------+-------+---------+---------+-------
        D:1 |      27 |       4 |  12.9 |      17 |       2 |  10.5
        D:2 |     110 |      32 |  22.5 |      28 |       1 |   3.4
        D:3 |      35 |      36 |  50.7 |      14 |       1 |   6.7
        D:4 |     233 |       0 |   0.0 |      11 |       0 |   0.0
        D:5 |     383 |     292 |  43.3 |      16 |       5 |  23.8
        D:6 |     771 |       0 |   0.0 |      28 |       0 |   0.0
        D:7 |     751 |       0 |   0.0 |      16 |       0 |   0.0
        D:8 |    1619 |       0 |   0.0 |      28 |       0 |   0.0
        D:9 |    1487 |     256 |  14.7 |      16 |       2 |  11.1
       D:10 |    3351 |    4122 |  55.2 |      42 |      13 |  23.6
       D:11 |      54 |       0 |   0.0 |       2 |       0 |   0.0
     Temple |     129 |       0 |   0.0 |       1 |       0 |   0.0
    Ossuary |       0 |     248 | 100.0 |       0 |      52 | 100.0
   Gauntlet |       0 |     825 | 100.0 |       0 |       6 | 100.0
            +---------+---------+-------+---------+---------+-------

Vault maps used:
D:1:      mushboom_english_gardens, minmay_cut_off
D:2:      fedhas_altar_fruit_tree, uniq_terence
D:3:      old_standard_altar, lemuel_coloured_pillars_altar, first_ration,
          serial_bayou_lake_a, uniq_ijyb
D:4:      serial_shops, nicolae_shop_waterfront, nicolae_shop_waterfront, shop,
          shop, nicolae_shop_window_shopping
D:5:      marbit_many_paths, lemuel_zombie_altar_kikubaaqudgha,
          kennysheep_mini_moat, enter_ossuary_5, serial_shops, shop,
          uniq_grinder
D:6:      minmay_temple_entry_tees
D:7:      bloody_trog, kennysheep_little_box, serial_shops, shop
D:8:      serial_shops, nicolae_shop_crystal
D:9:      lemuel_doored_altar, lemuel_round_altar, grunt_pizzeria, st_stairs_14
D:10:     minmay_the_grid_triangle_9x9_recursive_2, basic_altar
D:11:     dpeg_oklobed_lair, gauntlet_entry_generic, serial_co_window_serial,
          co_window_paths_a, co_window_paths_a, co_window_paths_b,
          co_window_paths_a, co_window_paths_b, co_window_paths_a,
          co_window_corner_a, co_window_paths_a, co_window_corner_a,
          co_window_of_opportunity_b, co_window_of_opportunity_b,
          co_window_corner_b, co_window_2corner, co_window_4corner_a,
          co_window_paths_e, glass_columns_b, uniq_fannar
Temple:   nicolae_temple_god_jail
Ossuary:  ossuary_zaba_two_paths
Gauntlet: gammafunk_gauntlet_branching

Table legend:
 A = Turns spent in this place as a percentage of turns spent in the entire game.
 B = Non-inter-level travel turns spent in this place as a percentage of non-inter-level travel turns spent in the entire game.
 C = Inter-level travel turns spent in this place as a percentage of turns spent in this place.
 D = Turns resting spent in this place as a percentage of non-inter-level travel turns spent in this place.
 E = Turns spent auto-exploring this place as a percentage of non-inter-level travel turns spent in this place.
 F = Non-inter-level travel turns spent in this place divided by the number of levels of this place that you've seen.
                   A       B       C       D       E      F
               +-------+-------+-------+-------+-------+----------------------
         Total | 100.0 | 100.0 |   6.3 |  10.7 |  62.7 | 783.1
       Dungeon |  87.1 |  86.3 |   7.1 |  10.4 |  67.6 | 860.6
        Temple |   1.0 |   1.0 |   6.8 |   0.0 |  86.2 | 109.0
       Ossuary |   5.1 |   5.5 |   0.0 |  16.9 |  11.1 | 602.0
      Gauntlet |   6.7 |   7.2 |   0.0 |  11.1 |  39.3 | 786.0
               +-------+-------+-------+-------+-------+----------------------

Table legend:
 A = Kills in this place as a percentage of kills in entire the game.
 B = Kills by you in this place as a percentage of kills by you in the entire game.
 C = Kills by friends in this place as a percentage of kills by friends in the entire game.
 D = Other kills in this place as a percentage of other kills in the entire game.
 E = Experience gained in this place as a percentage of experience gained in the entire game.
 F = Experience gained in this place divided by the number of levels of this place that you have seen.
                   A       B       C       D       E      F
               +-------+-------+-------+-------+-------+----------------------
         Total | 100.0 | 100.0 |   N/A |   N/A | 100.0 | 1054.6
       Dungeon |  80.4 |  80.4 |   N/A |   N/A |  91.9 | 1233.0
        Temple |   0.3 |   0.3 |   N/A |   N/A |   0.9 | 129.0
       Ossuary |  17.3 |  17.3 |   N/A |   N/A |   1.7 | 248.0
      Gauntlet |   2.0 |   2.0 |   N/A |   N/A |   5.6 | 825.0
               +-------+-------+-------+-------+-------+----------------------
